 Dungeon Crawl Stone Soup version 0.30-a0-50-gb2d611f6b1 (webtiles) character file.

Game seed: 7965070343752000225

101082 porpoise the Fey Demonspawn (level 15, 0/127 HPs)
             Began as a Demonspawn Gladiator on Sept 3, 2022.
             Was a Priest of Yredelemnul.
             Killed by the raging water
             ... invoked by a water nymph
              (22 damage)
             ... on level 1 of the Shoals on Sept 4, 2022.
             The game lasted 02:15:38 (26898 turns).

porpoise the Fey Demonspawn (Demonspawn Gladiator) Turns: 26898, Time: 02:15:38

Health: 0/127      AC: 17    Str: 18    XL:     15   Next: 82%
Magic:  26/26      EV: 23    Int: 13    God:    Yredelemnul [***...]
Gold:   1937       SH:  0    Dex: 15    Spells: 9/14 levels left

rFire   . . .      SeeInvis .    a - +1 trident (venom)
rCold   . . .      Faith    .    (no shield)
rNeg    + . .      Spirit   .    u - +6 scale mail of Afueq {+Inv}
rPois   .          Reflect  .    (helmet unavailable)
rElec   .          Harm     .    W - +0 cloak
rCorr   .          Rampage  .    f - +0 pair of gloves
Will    +....                    (no boots)
Stlth   ..........               H - amulet of regeneration
HPRegen 1.11/turn                K - ring of positive energy
MPRegen 0.20/turn                e - +4 ring of evasion

@: confused, agile, ambrosia-drunk, studying Hexes, very slow
A: hooves 2, horns 3, powered by death 2, powered by pain 1, demonic touch 2
a: Renounce Religion, Evoke Invisibility, Recall Undead Harvest, Dark Bargain


You were on level 1 of the Shoals.
You worshipped Yredelemnul.
Yredelemnul was pleased with you.
You visited 5 branches of the dungeon, and saw 24 of its levels.
You also visited: Ossuary and Ice Cave.

You collected 2039 gold pieces.
You spent 102 gold pieces at shops.

Inventory:

Hand Weapons
 a - a +1 trident of venom (weapon)
 b - the +8 sling "Ystreoris" {venom, rC- Will+ Str+2 Int+2}
   (You found it on level 11 of the Dungeon)

   Any ammunition fired from it poisons the flesh of those it strikes.
   Str:       It affects your strength (+2).
   Int:       It affects your intelligence (+2).
   rC:        It makes you vulnerable to cold.
   Will:      It increases your willpower.
 s - a +2 trident of freezing
Missiles
 r - 6 curare-tipped darts
 t - 3 javelins (quivered)
 x - 2 throwing nets
Armour
 f - a +0 pair of gloves (worn)
 g - a +1 pair of boots
 u - the +6 scale mail of Afueq (worn) {+Inv}
   (You found it on level 12 of the Dungeon)

   +Inv:      It lets you turn invisible.
 W - a +0 cloak (worn)
Jewellery
 e - a +4 ring of evasion (right hand)
 l - a ring of protection from cold
 y - a ring of resist corrosion
 H - an amulet of regeneration (around neck)
 K - a ring of positive energy (left hand)
 N - a ring of see invisible
Wands
 k - a wand of flame (49)
 m - a wand of polymorph (11)
 G - a wand of roots (20)
 M - a wand of mindburst (12)
 R - a wand of light (16)
 X - a wand of charming (1)
Scrolls
 h - 12 scrolls of teleportation
 i - 7 scrolls of blinking
 n - 3 scrolls of vulnerability
 p - a scroll of silence
 C - 2 scrolls of magic mapping
 I - 11 scrolls of identify
 T - 3 scrolls of fear
 V - 2 scrolls of poison
Potions
 c - a potion of brilliance
 j - 2 potions of invisibility
 o - 3 potions of attraction
 v - 2 potions of resistance
 z - a potion of lignification
 E - a potion of ambrosia
 L - 3 potions of cancellation
 P - a potion of might
 S - 12 potions of curing
Miscellaneous
 d - a box of beasts
 q - a lightning rod (2/4)
 Q - a condenser vane


   Skills:
 + Level 14.6 Fighting
 - Level 14.0 Polearms
 + Level 6.4 Throwing
 - Level 9.0 Armour
 - Level 9.0 Dodging
 + Level 15.9 Invocations
 - Level 7.0 Evocations


You had 9 spell levels left.
You knew the following spells:

 Your Spells              Type           Power      Damage    Failure   Level
v - Summon Mana Viper     Hex/Summ       0%         N/A       100%        5

Your spell library contained the following spells:

 Spells                   Type           Power      Damage    Failure   Level
 Apportation              Tloc           0%         N/A       63%         1
 Freeze                   Ice            0%         1d3       63%         1
 Sandblast                Erth           0%         2d4       63%         1
 Passwall                 Tmut/Erth      0%         N/A       77%         2
 Poisonous Vapours        Pois/Air       0%         N/A       77%         2
 Static Discharge         Conj/Air       0%         3-3/arc   77%         2
 Frozen Ramparts          Ice            0%         1d1       94%         3
 Stone Arrow              Conj/Erth      0%         3d7       94%         3
 Summon Guardian Golem    Hex/Summ       0%         N/A       94%         3
 Corpse Rot               Necr/Pois/Air  0%         N/A       100%        4
 Dispel Undead            Necr           0%         3d6       100%        4
 Hailstorm                Conj/Ice       0%         3d3       100%        4
 Ice Form                 Ice/Tmut       0%         N/A       100%        4
 Leda's Liquefaction      Hex/Erth       0%         N/A       100%        4
 Summon Ice Beast         Ice/Summ       0%         N/A       100%        4
 Alistair's Intoxication  Tmut/Pois      0%         N/A       100%        5
 Borgnjor's Vile Clutch   Necr/Erth      0%         N/A       100%        5
 Lee's Rapid Deconstruct  Erth           0%         3d5*      100%        5
 Lightning Bolt           Conj/Air       0%         1d11      100%        5
 Eringya's Noxious Bog    Tmut/Pois      0%         N/A       100%        6
 Statue Form              Tmut/Erth      0%         N/A       100%        6
 Monstrous Menagerie      Summ           0%         N/A       100%        7
 Orb of Destruction       Conj           0%         9d5       100%        7
 Spellforged Servitor     Conj/Summ      0%         N/A       100%        7
 Maxwell's Capacitive Co  Air            0%         ∞         100%        8
 Death Channel            Necr           Unusable   N/A       N/A         6

Dungeon Overview and Level Annotations

Branches:
Dungeon (15/15)            Temple (1/1) D:5            Lair (5/5) D:8
 Shoals (1/4) Lair:2       Spider (0/4) Lair:2        Slime (0/5) Lair:4
    Orc (2/2) D:11            Elf (0/3) Orc:2        Vaults (0/5) D:13
 Depths (0/4) D:15        Ossuary (visited)           IceCv (visited)

Altars:
Ashenzari
Cheibriados
Dithmenos
Fedhas
Gozag
Hepliaklqana
Kikubaaqudgha
Makhleb
Nemelex Xobeh
Okawaru
Qazlal
Ru
Sif Muna
Trog
Uskayaw
Vehumet
Wu Jian
Xom
Yredelemnul

Shops:
Orc:2 ?*=((

Annotations:
D:6 1 runed translucent door, SirDiesAlot's ghost, novice OgGl
D:13 2 runed translucent doors, xian's ghost, journeyman DsFi
Temple 2 transporters


Innate Abilities, Weirdness & Mutations

You have hoof-like feet.
You have a pair of large horns on your head.
You regenerate health from kills.
You sometimes gain a little power by taking damage.
Your touch may inflict irresistible damage on your foes.


Message History

The merfolk impaler is heavily wounded.
Your jiangshi claws the merfolk impaler!!
Your jiangshi draws strength from the merfolk impaler's injuries!
Your jiangshi splashes around in the water.
Your sea snake zombie completely misses the merfolk impaler.
Your sea snake zombie bites the merfolk impaler.
The merfolk impaler completely misses you.
You hit the merfolk impaler.
The merfolk impaler is poisoned.
Your headbutt misses the merfolk impaler.
Your touch misses the merfolk impaler.
The merfolk impaler is almost dead.
Your jiangshi completely misses the merfolk impaler.
Your jiangshi claws the merfolk impaler!
The merfolk impaler dies!
You hear a splash. x2
The dead are walking!
Your lightning rod (2/4) has regained one charge.
The water swirls and strikes your sea snake zombie!!
Things that are here:
a +2 trident of freezing; a +0 robe
s - a +2 trident of freezing A water nymph comes into view.
A water nymph is nearby!
You swap places.
The water nymph gestures at you while chanting.
The water swirls and strikes you!!
The water nymph points at you and mumbles some strange words.
The water swirls and strikes you!!
You focus on the pain.
You feel agile all of a sudden. The water nymph casts a spell at you.
The water swirls and strikes you!!
* * * LOW HITPOINT WARNING * * *
You focus on the pain.
You feel more agile all of a sudden.
You are confused.
You feel invigorated. The water nymph casts a spell at you.
The water swirls and strikes you!!
You die...
Your body rises from the dead as a mindless zombie.

≈≈≈~~.~..####....######...~≈~~~~~
≈≈~~~~~~..# #.~..###......~~~~.)~
≈≈~~~~~..####.....##....~.~~~~.~~
≈~~~~~~..###...~.......~~≈≈~~~~~.
~~~~~....#.....~....~≈≈≈~~≈≈≈~~~<
~~~~...#####.....~~~≈≈≈≈~~~≈~~~~.
~~.....######...~~[~~≈≈~~~~~~~)).
~~.##...#..[...~~~~~≈≈≈~~.~~~~[))
~......~........@~~~~~≈≈~..~~..~~
~^...~≈≈###......~~~~..≈≈≈≈≈~..≈≈
~~~###~## ####..VZ~...~≈≈≈≈≈~.~≈≈
~~~ ### ##Z.Z...~≈~≈≈≈≈~.~~≈ ~~
#~~.....~≈~≈≈≈~~~≈≈ ~
#m~......≈≈≈≈≈~~~~~
~~~.....#...≈≈.....
≈.......###.....≈≈≈


You could see a water nymph (ally target), a friendly jiangshi (summoned), 2
friendly sea snake zombies and a friendly merfolk impaler zombie.

Vanquished Creatures
  2 juggernaut skeletons (D:15)
  A merfolk impaler (Shoals:1)
  A vault guard (D:13)
  3 hydras
  7 boulder beetles
  A catoblepas (Lair:3)
  A death knight (D:13)
  2 merfolk aquamancers (Shoals:1)
  2 ogre magi (Orc:2)
  5 two-headed ogres
  5 tengu warriors
  4 centaur warriors
  A vampire mage (D:15)
  2 skeletal warriors (D:15)
  A fire crab (Lair:5)
  4 sea snakes
  A deep troll (Orc:2)
  Pikel (D:6)
  A necromancer (D:15)
  3 orc knights
  5 fauns (Shoals:1)
  6 cyclopes
  3 deep elf pyromancers
  5 manticores
  An orc sorcerer (Orc:2)
  9 ugly things
  5 elephants
  2 black mambas (Lair:5)
  3 merfolk sirens (Shoals:1)
  A water nymph (Shoals:1)
  6 cane toads
  A gargoyle (D:12)
  An unseen horror (D:13)
  3 freezing wraiths
  2 rime drakes
  2 komodo dragons
  A yaktaur (shapeshifter) (D:15)
  An anaconda simulacrum (IceCv)
  11 ice devils
  10 trolls
  A wind drake (Lair:2)
  4 hornets
  7 polar bears
  2 merfolk
  5 slime creatures
  A spriggan zombie (D:15)
  A dream sheep (Lair:5)
  Prince Ribbit (D:7)
  2 shadows (D:10)
  6 water elementals
  5 wraiths
  3 dire elephant simulacra (IceCv)
  36 yaks
  9 spriggans (Lair:5)
  3 wyverns
  A basilisk (D:14)
  A steam dragon (D:4)
  5 vampire mosquitoes
  A harpy simulacrum (IceCv)
  5 death yak simulacra (IceCv)
  4 wargs (Orc:2)
  An acid dragon (D:13)
  A glowing shapeshifter zombie (D:15)
  4 water moccasins
  A hydra simulacrum (IceCv)
  8 orc warriors
  An ice beast (D:8)
  5 black bears
  10 wolves
  13 ogres
  3 boggarts (Lair:5)
  3 centaurs
  2 phantoms (D:3)
  2 gnoll sergeants (D:6)
  A cyclops zombie (Orc:2)
  6 bullfrogs
  A necrophage (D:7)
  2 two-headed ogre simulacra (IceCv)
  5 scorpions
  2 cane toad simulacra (IceCv)
  5 wights
  A polar bear zombie (Lair:5)
  A troll zombie (Orc:2)
  16 killer bees
  2 howler monkeys (D:14)
  2 wolf zombies (Lair:5)
  A jelly (D:5)
  5 orc priests
  A gnoll bouda (Orc:2)
  3 hounds
  3 iguanas
  9 orc wizards
  A hell rat (Lair:5)
  5 polar bear simulacra (IceCv)
  3 wolf simulacra (IceCv)
  8 mummies (Ossuary)
  6 adders
  8 gnolls
  4 river rats (Lair:5)
  A shadow imp (D:4)
  A white imp (IceCv)
  2 ufetubi (IceCv)
  4 worms
  3 dart slugs
  50 orcs
  4 endoplasms
  2 giant cockroaches
  5 hobgoblins
  4 jackals (D:3)
  7 kobolds
  A quokka (D:4)
  11 ball pythons
  2 bats (D:2)
  2 frilled lizards
  3 gnoll zombies (Ossuary)
  7 goblins
  2 hobgoblin zombies (Ossuary)
  2 kobold zombies (Ossuary)
  3 orc zombies
  4 rats
504 creatures vanquished.

Vanquished Creatures (collateral kills)
  Saint Roka (Orc:2)
  A merfolk impaler (Shoals:1)
  A catoblepas (Lair:5)
  6 two-headed ogres
  A tengu warrior (D:12)
  2 sea snakes (Shoals:1)
  A deep troll (Orc:2)
  A wizard (D:10)
  An ugly thing (D:15)
  2 slime creatures
  A faun (Shoals:1)
  A cyclops (D:11)
  5 elephants
  A manticore (Lair:2)
  A guardian serpent (shapeshifter) (D:14)
  Joseph (D:7)
  A torpor snail (Lair:3)
  A cane toad (Lair:3)
  An ice devil (IceCv)
  A freezing wraith (D:13)
  4 komodo dragons
  2 trolls
  4 polar bears
  A merfolk (Shoals:1)
  A hornet (Lair:5)
  A snapping turtle (Shoals:1)
  3 spriggans (Lair:5)
  A shadow (D:10)
  2 wraiths (D:13)
  16 yaks
  3 basilisks
  A steam dragon (D:9)
  8 vampire mosquitoes (D:11)
  A harpy simulacrum (IceCv)
  5 water moccasins
  3 orc warriors
  7 black bears
  8 wolves
  A boggart (Lair:5)
  7 ogres (Orc:2)
  2 phantoms
  4 bullfrogs
  3 killer bees
  4 orc priests
  3 orc wizards (Orc:2)
  A polar bear simulacrum (IceCv)
  2 hell rats (Lair:5)
  2 gnolls (D:6)
  A river rat (Lair:5)
  2 white imps
  2 worms
  11 orcs
  A giant cockroach (Lair:2)
  A butterfly (Lair:5)
149 creatures vanquished.

Vanquished Creatures (others)
  A spectral death yak (D:13)
  A centaur zombie (D:13)
  A tengu conjurer (D:15)
  2 slime creature zombies (D:14)
  3 yaks
  5 spectral ice devils (IceCv)
  A tengu zombie (D:13)
  2 faun zombies (Shoals:1)
  2 two-headed ogre zombies (Orc:2)
  2 manticore zombies
  An orc warrior (Orc:2)
  A vampire mosquito zombie (D:13)
  A wyvern zombie (D:8)
  A warg zombie (Orc:2)
  8 yak zombies
  3 troll zombies
  2 wolf zombies
  2 bullfrog zombies
  2 black bear zombies (Lair:2)
  A boggart zombie (Lair:5)
  3 killer bee zombies
  11 ogre zombies (Orc:2)
  A hell rat zombie (Lair:5)
  3 river rats (Lair:5)
  A spectral white imp (IceCv)
  2 gnoll zombies (D:6)
  23 orc zombies
  2 spectral ufetubi (IceCv)
  65 fungi
  122 plants
  11 withered plants (D:15)
286 creatures vanquished.

Grand Total: 939 creatures vanquished

Notes
Turn   | Place    | Note
-------+----------+-------------------------------------------
     0 | D:1      | porpoise the Demonspawn Gladiator began the quest for the
                  | Orb.
     0 | D:1      | Reached XP level 1. HP: 16/16 MP: 1/1
   309 | D:1      | Found a faded altar of an unknown god.
   314 | D:1      | Discovered your monstrous ancestry.
   314 | D:1      | Gained mutation: Your touch may inflict minor irresistible
                  | damage on your foes. [demonic ancestry]
   314 | D:1      | Reached XP level 2. HP: 22/23 MP: 2/2
  1255 | D:2      | Gained mutation: You have a pair of small horns on your
                  | head. [demonic ancestry]
  1255 | D:2      | Reached XP level 3. HP: 19/28 MP: 3/3
  2206 | D:3      | Reached XP level 4. HP: 35/35 MP: 4/4
  2750 | D:4      | Identified the +1 ring mail of the Eternal Void {rN+}
  2750 | D:4      | Noticed a phantom
  2750 | D:4      | Noticed a phantom
  2770 | D:3      | Killed a phantom
  2771 | D:3      | Reached XP level 5. HP: 22/42 MP: 5/5
  2779 | D:3      | Killed a phantom
  3077 | D:4      | Gained mutation: Your touch may inflict irresistible damage
                  | on your foes. [demonic ancestry]
  3077 | D:4      | Reached XP level 6. HP: 49/49 MP: 6/6
  3156 | D:4      | Noticed a steam dragon
  3189 | D:3      | Reached skill level 5 in Polearms
  3412 | D:4      | Reached skill level 5 in Fighting
  3730 | D:4      | Killed a steam dragon
  4100 | D:5      | Entered Level 5 of the Dungeon
  4136 | D:5      | Found a broken altar of Ashenzari.
  4182 | D:5      | Gained mutation: You sometimes gain a little power by
                  | taking damage. [demonic ancestry]
  4182 | D:5      | Reached XP level 7. HP: 47/56 MP: 7/7
  4305 | D:5      | Found a staircase to the Ecumenical Temple.
  4314 | Temple   | Entered the Ecumenical Temple
  4314 | Temple   | Found a transporter.
  4314 | Temple   | Found a transporter.
  4318 | Temple   | Found a transporter.
  4318 | Temple   | Found a transporter.
  4349 | Temple   | Became a worshipper of Yredelemnul the Dark
  4474 | D:5      | Found a sand-covered staircase.
  4480 | Ossuary  | Entered an ossuary
  5080 | D:5      | Identified the +1 leather armour of Unreason {Str+4}
  5202 | D:5      | Reached * piety under Yredelemnul
  5487 | D:5      | Reached ** piety under Yredelemnul
  5494 | D:5      | Reached XP level 8. HP: 32/65 MP: 8/8
  5752 | D:6      | Found a runed translucent door.
  5761 | D:6      | Noticed SirDiesAlot's ghost (novice OgGl)
  5789 | D:6      | Noticed Pikel
  5799 | D:6      | Killed Pikel
  6404 | D:6      | Found a burning altar of Makhleb.
  6838 | D:6      | Reached skill level 1 in Invocations
  6838 | D:6      | Gained mutation: You have large cloven feet. [demonic
                  | ancestry]
  6838 | D:6      | Reached XP level 9. HP: 70/72 MP: 9/9
  6903 | D:6      | Reached *** piety under Yredelemnul
  7115 | D:7      | Reached skill level 1 in Armour
  7117 | D:7      | Reached skill level 2 in Invocations
  7373 | D:7      | Noticed Prince Ribbit
  7394 | D:7      | Killed Prince Ribbit
  7583 | D:7      | Reached skill level 3 in Invocations
  8035 | D:7      | Identified the +1 ring mail of the Sun {Str+4}
  8471 | D:7      | Noticed Joseph
  8486 | D:7      | Killed Joseph
  8487 | D:7      | Reached skill level 4 in Invocations
  9131 | D:8      | Reached skill level 5 in Invocations
  9369 | D:8      | Found a staircase to the Lair.
  9369 | D:8      | Noticed an elephant
  9379 | D:8      | Reached skill level 10 in Polearms
  9387 | D:8      | Reached skill level 6 in Invocations
  9402 | D:8      | Killed an elephant
  9403 | D:8      | Gained mutation: You have hoof-like feet. [demonic
                  | ancestry]
  9403 | D:8      | Reached XP level 10. HP: 32/79 MP: 14/14
 10009 | D:9      | Found a shadowy altar of Dithmenos.
 10255 | D:9      | Reached skill level 7 in Invocations
 10270 | D:9      | Noticed a two-headed ogre
 10278 | D:9      | Killed a two-headed ogre
 10279 | D:9      | Reached skill level 5 in Armour
 10724 | D:9      | Reached **** piety under Yredelemnul
 11355 | D:10     | Entered Level 10 of the Dungeon
 11388 | D:10     | Noticed a centaur warrior
 11394 | D:10     | Killed a centaur warrior
 11395 | D:10     | Reached XP level 11. HP: 60/84 MP: 16/16
 11515 | D:10     | Reached skill level 5 in Evocations
 11520 | D:10     | Reached skill level 5 in Dodging
 11569 | D:10     | Noticed a wizard
 11574 | D:10     | Killed a wizard
 11591 | D:10     | Found a hazy altar of Hepliaklqana.
 11600 | D:10     | Found a stormy altar of Qazlal.
 11601 | D:10     | Found a radiant altar of Vehumet.
 11608 | D:10     | Found an ornate altar of the Wu Jian Council.
 11613 | D:10     | Found an opulent altar of Gozag.
 11623 | D:10     | Found a sacrificial altar of Ru.
 11628 | D:10     | Found a shimmering blue altar of Sif Muna.
 11651 | D:10     | Reached skill level 8 in Invocations
 12080 | Lair:1   | Entered Level 1 of the Lair of Beasts
 12137 | Lair:1   | Reached ***** piety under Yredelemnul
 12957 | Lair:2   | Reached skill level 9 in Invocations
 13140 | Lair:2   | Found a staircase to the Shoals.
 13227 | Lair:2   | Reached skill level 10 in Invocations
 13325 | Lair:2   | Gained mutation: You regenerate a little health from kills.
                  | [demonic ancestry]
 13325 | Lair:2   | Reached XP level 12. HP: 92/95 MP: 19/19
 13463 | Lair:2   | Found a hole to the Spider Nest.
 14131 | Lair:3   | Reached skill level 11 in Invocations
 14200 | Lair:3   | Noticed a catoblepas
 14219 | Lair:3   | Killed a catoblepas
 14301 | Lair:3   | Reached ****** piety under Yredelemnul
 14317 | Lair:3   | Reached skill level 10 in Fighting
 14778 | Lair:3   | Noticed a death yak
 14791 | Lair:3   | Killed a death yak
 14791 | Lair:3   | Enslaved a death yak
 15039 | Lair:4   | Reached skill level 12 in Invocations
 15055 | Lair:4   | Noticed a boulder beetle
 15069 | Lair:4   | Killed a boulder beetle
 15398 | Lair:4   | Gained mutation: You have a pair of horns on your head.
                  | [demonic ancestry]
 15398 | Lair:4   | Reached XP level 13. HP: 86/105 MP: 20/22
 15536 | Lair:4   | Found a staircase to the Slime Pits.
 15870 | Lair:5   | Entered Level 5 of the Lair of Beasts
 16164 | Lair:5   | Reached skill level 13 in Invocations
 16647 | Lair:5   | Paralysed by a hornet for 1 turns
 16868 | Lair:5   | Reached skill level 14 in Invocations
 17477 | D:11     | Identified the +8 sling "Ystreoris" {venom, rC- Will+ Str+2
                  | Int+2}
 17720 | D:11     | Found a frozen archway.
 17820 | IceCv    | Entered an ice cave
 18272 | IceCv    | Found an ancient bone altar of Kikubaaqudgha.
 18419 | IceCv    | HP: 5/108 [ice devil (15)]
 18433 | IceCv    | Reached skill level 15 in Invocations
 19019 | D:11     | Found a staircase to the Orcish Mines.
 19780 | D:12     | Identified the +6 scale mail of Afueq {+Inv}
 19902 | D:12     | Gained mutation: You have a pair of large horns on your
                  | head. [demonic ancestry]
 19902 | D:12     | Reached XP level 14. HP: 115/115 MP: 25/25
 19919 | D:12     | Reached skill level 5 in Throwing
 20004 | D:12     | Identified the +6 plate armour of the Barnacle {rC- Int+5}
 20405 | D:13     | Found a large runed translucent door.
 20406 | D:13     | Found a large runed translucent door.
 20720 | D:13     | Found the +1 robe of Vines {NoPotionHeal Regen++++}
 21485 | D:13     | Found a gate to the Vaults.
 21491 | D:13     | Identified the +5 plate armour of Satisfaction {rF+ rN+
                  | rCorr}
 21559 | D:13     | Noticed xian's ghost (journeyman DsFi)
 21619 | D:14     | Identified the +3 leather armour "Iciogarph" {-Tele rElec
                  | Int+8 Dex-4}
 22475 | D:15     | Entered Level 15 of the Dungeon
 22778 | D:15     | Found a staircase to the Depths.
 24451 | D:15     | Gained mutation: You regenerate health from kills. [demonic
                  | ancestry]
 24451 | D:15     | Reached XP level 15. HP: 88/122 MP: 26/26
 24988 | Orc:1    | Entered Level 1 of the Orcish Mines
 25024 | Orc:2    | Entered Level 2 of the Orcish Mines
 25367 | Orc:2    | Found Boynt's Firing Range.
 25369 | Orc:2    | Found Batsuej's Jewellery Emporium.
 25423 | Orc:2    | Found Surph's Magic Scroll Boutique.
 25424 | Orc:2    | Found Macogo's Antique Weapon Boutique.
 25425 | Orc:2    | Noticed Saint Roka
 25464 | Orc:2    | Found Keihiklo's General Store.
 25480 | Orc:2    | Killed Saint Roka
 25591 | Orc:2    | Bought a throwing net for 51 gold pieces
 25591 | Orc:2    | Bought a throwing net for 51 gold pieces
 25664 | Orc:2    | Found a staircase to the Elven Halls.
 25993 | Lair:1   | Upgraded the game from 0.30-a0-49-g1cef19eb02 to
                  | 0.30-a0-50-gb2d611f6b1
 26043 | Shoals:1 | Entered Level 1 of the Shoals
 26233 | Shoals:1 | HP: 3/126 [faun/sling bullet (8)]
 26679 | Shoals:1 | Learned a level 5 spell: Summon Mana Viper
 26898 | Shoals:1 | Killed from afar by a water nymph

Illustrated notes

Levels and vault maps discovered:
D:1:      sevenhm_arrival_forest_fort_small_4, layout_basic,
          shapermc_ecumenical_altar_notcrosses
D:2:      layout_loops_ring
D:3:      layout_basic
D:4:      layout_cave_pools, minmay_manual_moon
D:5:      layout_rooms, lemuel_round_altar, minmay_temple_entry_overgrown,
          serial_rivers, chequers_serial_rivers_large_a,
          chequers_serial_rivers_marsh, chequers_serial_rivers_marsh,
          chequers_serial_rivers_micro_a, lightli_ossuary_entry_decrepit_ruins,
          chequers_serial_rivers_micro_d, nicolae_kite_square_tiling_tiny
D:6:      layout_basic, mainiacjoe_overflow_cross_hatched,
          ebering_ghost_sewer_d, hangedman_decor_peaks_small,
          kennysheep_generic_room_13, uniq_pikel
D:7:      layout_basic, uniq_prince_ribbit1, uniq_joseph
D:8:      layout_gridville, david_lair_generic, serial_park_tiny_1
D:9:      nicolae_cairo_tiling, layout_long_grid, nicolae_dithmenos_the_darkroom
D:10:     layout_rooms, nicolae_overflow_hallway_of_the_gods
D:11:     layout_stronghold, orc_0_dummy, portal_ice_cave_demonic_guard,
          hangedman_decor_riveting
D:12:     layout_cave_pools
D:13:     layout_loops_cross, david_vaults_5, ebering_ghost_disaster_area
D:14:     layout_long_grid, nicolae_triple_integral
D:15:     gammafunk_depths_entry_grave, layout_basic, corner_web_ring
Temple:   hellmonk_temple_divided_pantheon
Lair:1:   layout_gridlike
Lair:2:   beast_lair_carwin_large_3, layout_regular_city,
          minmay_shoals_entry_beasts, nicolae_spider_entry_non_spiders
Lair:3:   layout_gridlike, grunt_megastairs_1
Lair:4:   layout_misc_corridors, dpeg_slime_entry_corner, lemuel_fruit_tree,
          grunt_megastairs_2
Lair:5:   minmay_lair_end_enchanted_forest, layout_gridlike,
          kennysheep_abandoned_house, lemuel_fruit_fields
Shoals:1: layout_shoals, nicolae_shoals_sun_and_surf
Orc:1:    layout_diamond_mine, uniq_urug
Orc:2:    st_orc_open, layout_caves, nicolae_shop_firing_range, uniq_saint_roka

Skill      XL: |  1  2  3  4  5  6  7  8  9 10 11 12 13 14 15 |
---------------+----------------------------------------------+-----
Polearms       | 3 4 5 6 9 10 11 12 13 14 | 14.0
Fighting       | 3 4 5 6 7 9 10 12 14 | 14.6
Invocations    | 1 6 7 10 12 15 | 15.9
Armour         | 4 5 8 9 |  9.0
Evocations     | 4 5 7 |  7.0
Dodging        | 4 5 8 9 |  9.0
Throwing       | 4 5 6 |  6.4

Action                   |  1- 3 |  4- 6 |  7- 9 | 10-12 | 13-15 || total
-------------------------+-------+-------+-------+-------+-------++-------
Melee: Trident           |    99 |   118 |   259 |   521 |  1245 ||  2242
       Touch             |     7 |    14 |    47 |   104 |   220 ||   392
       Headbutt          |     5 |    21 |    49 |   121 |   313 ||   509
       Punch             |       |       |     4 |    10 |    16 ||    30
       Kick              |       |       |       |       |     1 ||     1
 Fire: Sling             |       |       |       |       |    21 ||    21
Throw: Throwing net      |       |     2 |     2 |       |     2 ||     6
       Javelin           |       |       |       |     1 |     6 ||     7
Invok: Dark Bargain      |       |       |       |     8 |     5 ||    13
       Recall Undead Har |       |       |       |     2 |     4 ||     6
       Bind Soul         |       |       |       |     1 |       ||     1
Evoke: Wand              |       |       |       |    11 |     6 ||    17
       Lightning rod     |       |       |       |       |    13 ||    13
       Condenser vane    |       |       |       |       |     3 ||     3
       Box of beasts     |       |       |       |       |     1 ||     1
  Use: Scroll            |       |    10 |    10 |     6 |     9 ||    35
       Potion            |       |       |     1 |       |    14 ||    15
 Stab: Distracted        |       |       |     2 |     9 |    11 ||    22
       Petrified         |       |       |       |     4 |       ||     4
       Invisible         |       |       |       |     3 |       ||     3
       Fleeing           |       |       |       |     1 |       ||     1
       Confused          |       |       |       |       |     3 ||     3
       Paralysed         |       |       |       |       |     2 ||     2
Armor: Leather armour    |     8 |       |       |       |       ||     8
       Ring mail         |    10 |    30 |    24 |       |       ||    64
       Scale mail        |       |       |    28 |   116 |   368 ||   512
Dodge: Dodged            |    32 |    52 |    80 |   217 |   554 ||   935

Table legend: (Time is in decaauts)
 A = Elapsed time spent in this place.
 B = Non-inter-level travel time spent in this place.
 C = Inter-level travel time spent in this place.
 D = Time resting spent in this place.
 E = Time spent auto-exploring this place.
 F = Levels seen in this place.
 G = Mean time per level.
                   A        B        C        D        E       F      G
               +--------+--------+--------+--------+--------+-----+--------+
         Total |  29635 |  28021 |   1614 |   6387 |  16429 |  26 | 1139.8 |
       Dungeon |  18861 |  17723 |   1138 |   4632 |  10319 |  15 | 1257.4 |
        Temple |     51 |     51 |      0 |      0 |      0 |   1 |   51.0 |
          Lair |   7784 |   7354 |    430 |    923 |   5243 |   5 | 1556.8 |
        Shoals |    535 |    535 |      0 |     95 |    227 |   1 |  535.0 |
  Orcish Mines |    840 |    796 |     44 |     38 |    454 |   2 |  420.0 |
       Ossuary |    579 |    579 |      0 |    268 |    111 |   1 |  579.0 |
      Ice Cave |    981 |    981 |      0 |    429 |     73 |   1 |  981.0 |
               +--------+--------+--------+--------+--------+-----+--------+

Top non-repeatable levels by time:
  Lair:2: 2191 daAuts
     D:7: 2065 daAuts
  Lair:1: 1828 daAuts
    D:11: 1741 daAuts
     D:9: 1679 daAuts
  Lair:5: 1507 daAuts
     D:6: 1491 daAuts
    D:15: 1340 daAuts
    D:13: 1309 daAuts
  Lair:3: 1242 daAuts
     D:8: 1220 daAuts
     D:3: 1217 daAuts
     D:1: 1209 daAuts
    D:14: 1123 daAuts
  Lair:4: 1015 daAuts
